TOP OF THE 1ST |
Provo Mango batting - Pitching for Grand Forks Caterpillars : RHP Dahab Kanda
|
Pitching: RHP Dahab Kanda
|
|
Batting: LHB Su-wu Xiao
|
0-0: Ground out U3 (Groundball, 3)
|
Batting: RHB Michael Sweeney
|
0-0: Foul Ball, location: 2F 0-1: Called Strike 0-2: Ball 1-2: Fly out, F9 (Flyball, 9S)
|
Batting: LHB Andrés Garza
|
0-0: Ball 1-0: Called Strike 1-1: Swinging Strike 1-2: Foul Ball, location: 2F 1-2: Ball 2-2: Ball 3-2: Foul Ball, location: 2F 3-2: Foul Ball, location: 2F 3-2: Base on Balls
|
Batting: RHB Francisco Guerra
|
0-0: Called Strike 0-1: Ball Andrés Garza is caught stealing 2nd base
|
Top of the 1st over - 0 run(s), 0 hit(s), 0 error(s), 0 left on base; Provo 0 - Grand Forks 0 |
BOTTOM OF THE 1ST |
Grand Forks Caterpillars batting - Pitching for Provo Mango : RHP Nicolas Roche
|
Pitching: RHP Nicolas Roche
|
|
Batting: LHB Arana Sashi
|
0-0: Ball 1-0: Called Strike 1-1: Ball 2-1: Ball 3-1: Foul Ball, location: 2F 3-2: Base on Balls
|
Batting: RHB Craig Tricket
|
0-0: Ball Arana Sashi is caught stealing 2nd base 1-0: Foul Ball, location: 2F 1-1: Ground out 6-3 (Groundball, 6S)
|
Batting: RHB Nelson Jaramillo
|
0-0: Called Strike 0-1: Ball 1-1: Ball 2-1: Ball 3-1: Called Strike 3-2: Foul Ball, location: 2F 3-2: Base on Balls
|
Batting: RHB Juan Rico
|
0-0: Ball Nelson Jaramillo is caught stealing 2nd base
|
Bottom of the 1st over - 0 run(s), 0 hit(s), 0 error(s), 0 left on base; Provo 0 - Grand Forks 0 |
TOP OF THE 2ND |
Provo Mango batting - Pitching for Grand Forks Caterpillars : RHP Dahab Kanda
|
Batting: RHB Francisco Guerra
|
0-0: Foul Ball, location: 2F 0-1: SINGLE (Groundball, 56D)
|
Batting: SHB Mike Waddingham
|
0-0: Ball 1-0: Ball Francisco Guerra steals 2nd base 2-0: Ball 3-0: Called Strike 3-1: Fly out, F9 (Flyball, 9LS)
|
Batting: SHB Tomás Solorzano
|
0-0: Ball 1-0: Fly out, F9 (Flyball, 9LD) Runner from 2nd tags up, SAFE at 3rd, no throw
|
Batting: RHB Guillermo Carrizales
|
0-0: Ball 1-0: Called Strike 1-1: Foul Ball, location: 2F 1-2: Strikes out swinging
|
Top of the 2nd over - 0 run(s), 1 hit(s), 0 error(s), 1 left on base; Provo 0 - Grand Forks 0 |
BOTTOM OF THE 2ND |
Grand Forks Caterpillars batting - Pitching for Provo Mango : RHP Nicolas Roche
|
Batting: RHB Juan Rico
|
0-0: Ball 1-0: Called Strike 1-1: Foul Ball, location: 2F 1-2: Ball 2-2: Ball 3-2: Strikes out swinging
|
Batting: RHB Félix Martínez
|
0-0: TRIPLE (Flyball, 9LM)
|
Batting: LHB Ieyoshi Samurakami
|
0-0: Ball 1-0: Foul Ball, location: 2F 1-1: DOUBLE (Line Drive, 8RXD) Félix Martínez scores
|
Batting: SHB Juan Carlos Santos
|
0-0: Ball 1-0: Foul Ball, location: 2F 1-1: Swinging Strike 1-2: Ball 2-2: Ball 3-2: Base on Balls
|
Batting: RHB Joaquín Lara
|
0-0: Called Strike 0-1: Foul Ball, location: 2F 0-2: Strikes out swinging
|
Batting: RHB Moriz Ayushiev
|
0-0: SINGLE (Flyball, 9S) Ieyoshi Samurakami to third Juan Carlos Santos to second Runner from 3rd tries for Home, SAFE, no throw
|
Batting: LHB Arana Sashi
|
0-0: Fielders Choice at 2nd, 4-6 (Groundball, 34)
|
Bottom of the 2nd over - 2 run(s), 3 hit(s), 0 error(s), 1 left on base; Provo 0 - Grand Forks 2 |
TOP OF THE 3RD |
Provo Mango batting - Pitching for Grand Forks Caterpillars : RHP Dahab Kanda
|
Batting: SHB Tommy Dreamer
|
0-0: Swinging Strike 0-1: Ball 1-1: Foul Ball, location: 2F 1-2: Strikes out swinging
|
Batting: LHB Jesús De Jesús
|
0-0: Ball 1-0: Called Strike 1-1: SINGLE (Line Drive, 9)
|
Batting: LHB Su-wu Xiao
|
0-0: Ball 1-0: Called Strike 1-1: Called Strike 1-2: Ball 2-2: Strikes out swinging
|
Batting: RHB Michael Sweeney
|
0-0: Foul Ball, location: 2F 0-1: Ball 1-1: Foul Ball, location: 2F 1-2: Strikes out looking
|
Top of the 3rd over - 0 run(s), 1 hit(s), 0 error(s), 1 left on base; Provo 0 - Grand Forks 2 |
BOTTOM OF THE 3RD |
Grand Forks Caterpillars batting - Pitching for Provo Mango : RHP Nicolas Roche
|
Batting: RHB Craig Tricket
|
0-0: Fly out, F8 (Flyball, 89M)
|
Batting: RHB Nelson Jaramillo
|
0-0: Called Strike 0-1: Ball 1-1: Foul Ball, location: 2F 1-2: Ball 2-2: Ball 3-2: Foul Ball, location: 2F 3-2: Base on Balls
|
Batting: RHB Juan Rico
|
0-0: Foul Ball, location: 2F 0-1: Grounds into double play, 6-4-3 (Groundball, 6)
|
Bottom of the 3rd over - 0 run(s), 0 hit(s), 0 error(s), 0 left on base; Provo 0 - Grand Forks 2 |
TOP OF THE 4TH |
Provo Mango batting - Pitching for Grand Forks Caterpillars : RHP Dahab Kanda
|
Batting: LHB Andrés Garza
|
0-0: Foul Ball, location: 2F 0-1: Ball 1-1: Swinging Strike 1-2: Strikes out looking
|
Batting: RHB Francisco Guerra
|
0-0: Called Strike 0-1: Ball 1-1: Swinging Strike 1-2: Ball 2-2: Strikes out swinging
|
Batting: SHB Mike Waddingham
|
0-0: Ball 1-0: Swinging Strike 1-1: Fly out, F8 (Flyball, 8RS)
|
Top of the 4th over - 0 run(s), 0 hit(s), 0 error(s), 0 left on base; Provo 0 - Grand Forks 2 |
BOTTOM OF THE 4TH |
Grand Forks Caterpillars batting - Pitching for Provo Mango : RHP Nicolas Roche
|
Batting: RHB Félix Martínez
|
0-0: Swinging Strike 0-1: Fly out, F9 (Flyball, 89M)
|
Batting: LHB Ieyoshi Samurakami
|
0-0: Foul Ball, location: 2F 0-1: Swinging Strike 0-2: Strikes out swinging
|
Batting: SHB Juan Carlos Santos
|
0-0: Fly out, F3 (Flyball, 3DF)
|
Bottom of the 4th over - 0 run(s), 0 hit(s), 0 error(s), 0 left on base; Provo 0 - Grand Forks 2 |
TOP OF THE 5TH |
Provo Mango batting - Pitching for Grand Forks Caterpillars : RHP Dahab Kanda
|
Batting: SHB Tomás Solorzano
|
0-0: Ball 1-0: Ball 2-0: Fly out, F4 (Popup, 4S)
|
Batting: RHB Guillermo Carrizales
|
0-0: Ball 1-0: SINGLE (Flyball, 9S)
|
Batting: SHB Tommy Dreamer
|
0-0: Ball 1-0: Called Strike 1-1: Ball 2-1: Foul Ball, location: 2F 2-2: Strikes out swinging
|
Batting: LHB Jesús De Jesús
|
0-0: Ball Guillermo Carrizales is caught stealing 2nd base
|
Top of the 5th over - 0 run(s), 1 hit(s), 0 error(s), 0 left on base; Provo 0 - Grand Forks 2 |
BOTTOM OF THE 5TH |
Grand Forks Caterpillars batting - Pitching for Provo Mango : RHP Nicolas Roche
|
Batting: RHB Joaquín Lara
|
0-0: Fly out, F7 (Flyball, 7LM)
|
Batting: RHB Moriz Ayushiev
|
0-0: Ball 1-0: Foul Ball, location: 2F 1-1: Ball 2-1: Swinging Strike 2-2: Ball 3-2: Foul Ball, location: 2F 3-2: Ground out 5-3 (Groundball, 56S)
|
Batting: LHB Arana Sashi
|
0-0: Called Strike 0-1: Fly out, F7 (Flyball, 7S)
|
Bottom of the 5th over - 0 run(s), 0 hit(s), 0 error(s), 0 left on base; Provo 0 - Grand Forks 2 |
TOP OF THE 6TH |
Provo Mango batting - Pitching for Grand Forks Caterpillars : RHP Dahab Kanda
|
Batting: LHB Jesús De Jesús
|
0-0: Ball 1-0: Swinging Strike 1-1: Ball 2-1: Ball 3-1: Foul Ball, location: 2F 3-2: Strikes out swinging
|
Batting: LHB Su-wu Xiao
|
0-0: Foul Ball, location: 2F 0-1: Ground out 3-1 (Groundball, 34)
|
Batting: RHB Michael Sweeney
|
0-0: SINGLE (Groundball, 4S) (infield hit)
|
Batting: LHB Andrés Garza
|
0-0: Called Strike 0-1: Ball 1-1: Foul Ball, location: 2F 1-2: Foul Ball, location: 2F 1-2: Fly out, F5 (Line Drive, 56)
|
Top of the 6th over - 0 run(s), 1 hit(s), 0 error(s), 1 left on base; Provo 0 - Grand Forks 2 |
BOTTOM OF THE 6TH |
Grand Forks Caterpillars batting - Pitching for Provo Mango : RHP Nicolas Roche
|
Batting: RHB Craig Tricket
|
0-0: Foul Ball, location: 2F 0-1: Called Strike 0-2: Strikes out looking
|
Batting: RHB Nelson Jaramillo
|
0-0: Ball 1-0: Foul Ball, location: 2F 1-1: Ball 2-1: Ball 3-1: SINGLE (Line Drive, 8LS)
|
Batting: RHB Juan Rico
|
0-0: Ball 1-0: Foul Ball, location: 2F 1-1: Ball 2-1: Foul Ball, location: 2F 2-2: Strikes out swinging
|
Batting: RHB Félix Martínez
|
0-0: Ball 1-0: Ball 2-0: Ball Nelson Jaramillo is caught stealing 2nd base
|
Bottom of the 6th over - 0 run(s), 1 hit(s), 0 error(s), 0 left on base; Provo 0 - Grand Forks 2 |
TOP OF THE 7TH |
Provo Mango batting - Pitching for Grand Forks Caterpillars : RHP Dahab Kanda
|
Batting: RHB Francisco Guerra
|
0-0: Ground out 6-3 (Groundball, 6M)
|
Batting: SHB Mike Waddingham
|
0-0: Ball 1-0: Ball 2-0: Called Strike 2-1: Fly out, F7 (Flyball, 7)
|
Batting: SHB Tomás Solorzano
|
0-0: Ball 1-0: Swinging Strike 1-1: Foul Ball, location: 2F 1-2: Strikes out swinging
|
Top of the 7th over - 0 run(s), 0 hit(s), 0 error(s), 0 left on base; Provo 0 - Grand Forks 2 |
BOTTOM OF THE 7TH |
Grand Forks Caterpillars batting - Pitching for Provo Mango : RHP Nicolas Roche
|
Batting: RHB Félix Martínez
|
0-0: Called Strike 0-1: Fly out, F8 (Flyball, 8LS)
|
Batting: LHB Ieyoshi Samurakami
|
0-0: Foul Ball, location: 2F 0-1: Ball 1-1: Ball 2-1: Called Strike 2-2: SINGLE (Flyball, 89S)
|
Batting: SHB Juan Carlos Santos
|
0-0: Called Strike 0-1: Foul Ball, location: 2F 0-2: Fly out, F7 (Flyball, 7LMF)
|
Batting: RHB Joaquín Lara
|
0-0: DOUBLE (Line Drive, 7) Ieyoshi Samurakami to third Runner from 3rd tries for Home, throw and OUT!
|
Bottom of the 7th over - 0 run(s), 2 hit(s), 0 error(s), 1 left on base; Provo 0 - Grand Forks 2 |
TOP OF THE 8TH |
Provo Mango batting - Pitching for Grand Forks Caterpillars : RHP Dahab Kanda
|
Pitching: RHP Georg von Trapp
|
|
Batting: RHB Guillermo Carrizales
|
0-0: Called Strike 0-1: Ball 1-1: Ball 2-1: SINGLE (Flyball, 78S)
|
Pitching: RHP Salvador López
|
|
Batting: SHB Tommy Dreamer
|
0-0: Foul Ball, location: 2F 0-1: Ball 1-1: Foul Ball, location: 2F 1-2: Ball 2-2: Ball 3-2: Foul Ball, location: 2F 3-2: Fly out, F7 (Flyball, 7)
|
Batting: LHB Jesús De Jesús
|
0-0: Ball 1-0: Called Strike 1-1: Ball 2-1: Foul Ball, location: 2F 2-2: Strikes out swinging
|
Batting: LHB Su-wu Xiao
|
0-0: Called Strike 0-1: Ball 1-1: Fielders Choice at 2nd, 4-6 (Groundball, 4)
|
Top of the 8th over - 0 run(s), 1 hit(s), 0 error(s), 0 left on base; Provo 0 - Grand Forks 2 |
BOTTOM OF THE 8TH |
Grand Forks Caterpillars batting - Pitching for Provo Mango : RHP Nicolas Roche
|
Batting: RHB Moriz Ayushiev
|
0-0: Ball 1-0: Foul Ball, location: 2F 1-1: Foul Ball, location: 2F 1-2: Foul Ball, location: 2F 1-2: Strikes out looking
|
Batting: LHB Arana Sashi
|
0-0: Fly out, F7 (Flyball, 7)
|
Batting: RHB Craig Tricket
|
0-0: Called Strike 0-1: Foul Ball, location: 2F 0-2: Strikes out looking
|
Bottom of the 8th over - 0 run(s), 0 hit(s), 0 error(s), 0 left on base; Provo 0 - Grand Forks 2 |
TOP OF THE 9TH |
Provo Mango batting - Pitching for Grand Forks Caterpillars : RHP Salvador López
|
Pitching: RHP Mat Tengku
|
|
Batting: RHB Michael Sweeney
|
0-0: Called Strike 0-1: Fly out, F8 (Flyball, 8LM)
|
Batting: LHB Andrés Garza
|
0-0: Foul Ball, location: 2F 0-1: Ball 1-1: Ball 2-1: Ball 3-1: Base on Balls
|
Batting: RHB Francisco Guerra
|
0-0: Ball 1-0: Fielders Choice at 2nd, 5-4 (Groundball, 56)
|
Batting: SHB Mike Waddingham
|
0-0: Ground out 4-3 (Groundball, 4)
|
Top of the 9th over - 0 run(s), 0 hit(s), 0 error(s), 1 left on base; Provo 0 - Grand Forks 2 |
|